 Dungeon Crawl Stone Soup version 0.30.1-4-g462c640d31 (webtiles) character file.

Game seed: 5651713792076078116

6424 Goreval the Cleaver (level 10, -2/92 HPs)
             Began as a Hill Orc Monk on Aug 21, 2023.
             Was a High Priest of Beogh.
             Slain by a yak (6 damage)
             ... on level 10 of the Dungeon.
             The game lasted 00:25:48 (9203 turns).

Goreval the Cleaver (Hill Orc Monk)                 Turns: 9203, Time: 00:25:48

Health: -2/92      AC: 16    Str: 21    XL:     10   Next: 98%
Magic:  16/16      EV: 13    Int: 10    God:    Beogh [*****.]
Gold:   472        SH:  0    Dex: 18    Spells: 9/9 levels left

rFire   . . .        a - +0 hand axe
rCold   . . .        d - orb {light}
rNeg    . . .        v - +5 ring mail "Fighuag" {Dex+5}
rPois   +            t - +0 helmet
rElec   .            K - +0 cloak
rCorr   .            w - +2 pair of gloves
SInv    +            (no boots)
Will    .....        (no amulet)
Stlth   +            R - ring of poison resistance
HPRegen 0.35/turn    Q - ring "Veabbidu" {Str+2 SInv Stlth+}
MPRegen 0.15/turn

%: no passive effects
@: glowing
A: walk on water
a: Renounce Religion, Smiting, Recall Orcish Followers, Give Item to Named
Follower


You were on level 10 of the Dungeon.
You worshipped Beogh.
Beogh was extremely pleased with you.
You visited 1 branch of the dungeon, and saw 10 of its levels.

You collected 633 gold pieces.
You spent 161 gold pieces at shops.

Inventory:

Hand Weapons
 a - a +0 hand axe (weapon)
 G - a +3 flail of protection
 H - a +2 hand axe of venom
 M - a +0 halberd of flaming
 P - a +2 shortbow of flaming
 U - a +2 battleaxe of freezing
 Y - a +1 halberd
Missiles
 q - 2 silver javelins
Armour
 d - an orb of light (worn)
 p - a +0 buckler
 t - a +0 helmet (worn)
 v - the +5 ring mail "Fighuag" (worn) {Dex+5}
   (You found it on level 2 of the Dungeon)

   Dex:       It affects your dexterity (+5).
 w - a +2 pair of gloves (worn)
 K - a +0 cloak (worn)
Jewellery
 C - a ring of willpower
 Q - the ring "Veabbidu" (right hand) {Str+2 SInv Stlth+}
   (You found it on level 6 of the Dungeon)

   [ring of see invisible]

   Str:       It affects your strength (+2).
   SInv:      It lets you see invisible.
   Stlth:     It makes you more stealthy.
 R - a ring of poison resistance (left hand)
 T - an amulet of guardian spirit
Wands
 n - a wand of quicksilver (5)
 z - a wand of flame (21)
 N - a wand of charming (11)
 W - a wand of digging (2)
Scrolls
 e - 3 scrolls of immolation {unknown}
 f - 18 scrolls of identify {unknown}
 h - a scroll of acquirement {unknown}
 i - 3 scrolls of magic mapping {unknown}
 k - 3 scrolls of noise {unknown}
 l - 6 scrolls of teleportation {unknown}
 m - 5 scrolls of vulnerability {unknown}
 o - 3 scrolls of silence {unknown}
 r - 2 scrolls of poison {unknown}
 s - 2 scrolls of blinking {unknown}
 y - 2 scrolls of enchant weapon {unknown}
 A - 3 scrolls of amnesia {unknown}
 B - a scroll of fear {unknown}
 J - 2 scrolls of enchant armour {unknown}
 O - a scroll of summoning {unknown}
 S - 2 scrolls of fog {unknown}
 V - a scroll of brand weapon {unknown}
Potions
 b - 2 potions of heal wounds
 c - 2 potions of ambrosia
 g - 6 potions of curing {unknown}
 j - 5 potions of flight {unknown}
 u - 2 potions of mutation {unknown}
 x - 2 potions of haste {unknown}
 D - 2 potions of magic {unknown}
 E - 3 potions of degeneration {unknown}
 F - a potion of resistance {unknown}
 I - a potion of cancellation {unknown}
 L - 3 potions of brilliance {unknown}


   Skills:
 + Level 9.7 Fighting
 * Level 14.1 Axes
 + Level 5.3 Armour
 - Level 5.1 Dodging
 + Level 8.5 Invocations


You had 9 spell levels left.
You didn't know any spells.
Your spell library contained the following spells:

 Spells                   Type           Power      Damage    Failure   Level
 Sandblast                Erth           0%         2d4       52%         1
 Shock                    Conj/Air       0%         1d3       52%         1
 Passwall                 Tmut/Erth      0%         N/A       65%         2
 Scorch                   Fire           0%         2d5       65%         2
 Call Canine Familiar     Summ           0%         N/A       87%         3
 Ozocubu's Armour         Ice            0%         N/A       87%         3
 Portal Projectile        Hex/Tloc       0%         N/A       87%         3
 Stone Arrow              Conj/Erth      0%         3d7       87%         3
 Summon Guardian Golem    Hex/Summ       0%         N/A       87%         3
 Swiftness                Air            0%         N/A       87%         3
 Airstrike                Air            0%         2d(0-16)  99%         4
 Anguish                  Hex/Necr       0%         N/A       99%         4
 Flame Wave               Conj/Fire      0%         2d4       99%         4
 Leda's Liquefaction      Hex/Erth       0%         N/A       99%         4
 Iskenderun's Battlesphe  Conj           0%         2d6       100%        5
 Metabolic Englaciation   Hex/Ice        0%         N/A       100%        5
 Iron Shot                Conj/Erth      0%         9d1       100%        6
 Summon Cactus Giant      Summ           0%         N/A       100%        6
 Orb of Destruction       Conj           0%         9d5       100%        7
 Ozocubu's Refrigeration  Ice            0%         4d7       100%        7
 Spellforged Servitor     Conj/Summ      0%         N/A       100%        7


Dungeon Overview and Level Annotations

Branches:
Dungeon (10/15) Zot: 26726  Temple (0/1) D:7            Lair (0/5) D:8
    Orc (0/2) D:10

Altars:
Ashenzari
Elyvilon
Makhleb
Nemelex Xobeh
Okawaru
Yredelemnul
Zin
Beogh

Shops:
D:2 *   D:4 [

Annotations:
D:6 3 runed translucent doors, laros's ghost, novice MiBe
D:10 Erolcha


Message History

Beogh accepts your kill. Erolcha casts a spell at you.
The fireball explodes!
The fireball engulfs you!
The fireball engulfs Bogmar!!
You hear a bellow! x2; You hear a shout! x3; You hear a bellow! x2
You hear a shout!
You hear a roar!
You hear a bellow! x5
A yak comes into view.
The yak bellows!
Erolcha hits you with a +0 giant spiked club!!
The yak gores you!
You hit Erolcha but do no damage. You hit the yak but do no damage.
A gnoll comes into view. It is wielding a +2 whip of venom.
The yak gores you but does no damage.
You hit Erolcha but do no damage. You hit the yak.
Erolcha hits you with a +0 giant spiked club!
A yak comes into view.
The yak gores you but does no damage.
A yak comes into view.
You hit Erolcha. You hit the yak.
Bogmar unwields a +0 arbalest.
Bogmar hits Erolcha.
You hit Erolcha but do no damage. You hit the yak but do no damage.
Erolcha closely misses you. The yak gores you but does no damage.
You hit Erolcha.
You hit the yak. x2; Bogmar hits Erolcha.
You hit Erolcha. You hit the yak. You hit the yak but do no damage.
The yak gores you! x2
* * * LOW HITPOINT WARNING * * *
A yak comes into view. x2
You hit Erolcha. You barely miss the yak. You hit the yak but do no damage.
Erolcha hits you with a +0 giant spiked club!!
* * * LOW HITPOINT WARNING * * *
Bogmar closely misses Erolcha.
A yak comes into view.
The yak gores you but does no damage.
A yak comes into view.
The yak gores you but does no damage.
You barely miss Erolcha. You hit the yak but do no damage. You hit the yak.
You hit Erolcha but do no damage. You hit the yak but do no damage.
You hit the yak.
Bogmar hits Erolcha.
The yak closely misses you. The yak gores you.
You die...

.Y..# Y... .. Y.. .. ... #.[##.# ..
.. ##Y..#..# ..###..#..g.....
.......< .#..#..##OY...... ........
### ......#Y.@o†....... #......
###.## #.........Y.......# #.....
#....####....)............####.....
#..........................##......
#.................^................
.##.......................#........
..#.........#..............#.......
........................<.###......
............#.............# #......


You could see Erolcha (invisible, ally target), 7 yaks, a gnoll and the friendly
Bogmar the orc knight.

Vanquished Creatures
  Maggie (D:6)
  Prince Ribbit (D:5)
  A wyvern (D:8)
  A steam dragon (D:9)
  Edmund (D:5)
  An ice beast (D:8)
  A hornet zombie (D:6)
  A sky beast (D:5)
  3 ogres
  2 centaurs
  Blork the orc (D:5)
  4 bullfrogs
  A scorpion (D:6)
  2 wights (D:8)
  2 killer bees (D:8)
  A jelly (D:8)
  Crazy Yiuf (D:5)
  A gnoll bouda (D:5)
  5 hounds
  A sleepcap (D:2)
  3 iguanas
  2 orc wizards
  Robin (D:2)
  3 gnolls (D:5)
  6 adders
  A shadow imp (D:7)
  2 ufetubi
  4 dart slugs
  2 worms
  7 orcs
  5 ball pythons
  4 endoplasms
  2 giant cockroaches
  18 goblins
  9 hobgoblins
  11 jackals
  4 quokkas
  A bat (D:3)
  3 frilled lizards
  10 kobolds
  2 rats (D:3)
132 creatures vanquished.

Vanquished Creatures (collateral kills)
  3 two-headed ogres
  A boulder beetle (D:7)
  A komodo dragon (D:8)
  Psyche (D:9)
  An unseen horror (D:7)
  2 trolls
  A yak (D:10)
  4 vampire mosquitoes (D:10)
  An acid dragon (D:7)
  4 water moccasins
  4 ice beasts
  A sky beast (D:7)
  An ogre (D:5)
  5 centaurs
  A kobold brigand (D:9)
  A bullfrog (D:7)
  3 wights
  2 killer bees (D:8)
  A bullfrog zombie (D:6)
  2 jellies
  5 orc priests
  2 sleepcaps (D:6)
  3 iguanas
  An orc wizard (D:8)
  An adder (D:6)
  2 shadow imps (D:6)
  A white imp (D:7)
  A dart slug (D:4)
  4 orcs
  An endoplasm (D:4)
  A goblin (D:4)
  2 kobolds (D:9)
64 creatures vanquished.

Vanquished Creatures (others)
  10 orcs
10 creatures vanquished.

Grand Total: 206 creatures vanquished

Notes
Turn   | Place    | Note
-------+----------+-------------------------------------------
     0 | D:1      | Goreval the Hill Orc Monk began the quest for the Orb.
     0 | D:1      | Reached XP level 1. HP: 19/19 MP: 1/1
   268 | D:1      | Reached XP level 2. HP: 20/27 MP: 2/2
   585 | D:1      | Reached XP level 3. HP: 33/33 MP: 3/3
  1110 | D:2      | Reached skill level 5 in Axes
  1198 | D:2      | Noticed Robin
  1218 | D:2      | Killed Robin
  1219 | D:2      | Reached XP level 4. HP: 23/40 MP: 4/4
  1413 | D:2      | Identified the +5 ring mail "Fighuag" {Dex+5}
  1544 | D:2      | Found Zouzics's Assorted Antiques.
  2165 | D:3      | Found a faded altar of an unknown god.
  2183 | D:3      | Prayed at the altar of an unknown god.
  2183 | D:3      | Became a worshipper of Beogh the Brigand
  2183 | D:3      | Reached * piety under Beogh
  2183 | D:3      | Reached ** piety under Beogh
  2265 | D:3      | Reached XP level 5. HP: 45/47 MP: 5/5
  2312 | D:3      | Reached skill level 6 in Axes
  2505 | D:3      | Reached *** piety under Beogh
  3275 | D:4      | Found Edifis's Armour Boutique.
  3282 | D:4      | Bought a +0 pair of gloves of stealth for 161 gold pieces
  3329 | D:4      | Noticed an ogre
  3337 | D:4      | Killed an ogre
  3338 | D:4      | Reached skill level 5 in Fighting
  3338 | D:4      | Reached XP level 6. HP: 51/56 MP: 6/6
  3392 | D:4      | Reached skill level 7 in Axes
  3915 | D:5      | Entered Level 5 of the Dungeon
  3975 | D:5      | Noticed Edmund
  3989 | D:5      | Killed Edmund
  3990 | D:5      | Reached XP level 7. HP: 47/61 MP: 7/7
  4078 | D:5      | Reached skill level 1 in Invocations
  4093 | D:5      | Reached skill level 8 in Axes
  4103 | D:5      | Noticed Prince Ribbit
  4133 | D:5      | Killed Prince Ribbit
  4363 | D:5      | Reached XP level 8. HP: 70/70 MP: 8/10
  4432 | D:5      | Noticed Blork the orc
  4444 | D:5      | Killed Blork the orc
  4445 | D:5      | Reached skill level 9 in Axes
  4631 | D:5      | Found a runed translucent door.
  4632 | D:5      | Noticed Crazy Yiuf
  4740 | D:5      | Killed Crazy Yiuf
  4980 | D:6      | Reached **** piety under Beogh
  5003 | D:6      | Noticed Maggie
  5030 | D:6      | Killed Maggie
  5234 | D:6      | Found a burning altar of Makhleb.
  5247 | D:6      | Reached skill level 10 in Axes
  5382 | D:6      | Reached XP level 9. HP: 72/79 MP: 12/12
  5387 | D:6      | Reached skill level 5 in Dodging
  5387 | D:6      | Reached skill level 5 in Invocations
  5428 | D:6      | Noticed a troll
  5433 | D:6      | Killed a troll
  5439 | D:6      | Identified the ring "Veabbidu" {Str+2 SInv Stlth+}
  5554 | D:6      | Reached skill level 11 in Axes
  5617 | D:6      | Reached skill level 1 in Armour
  5733 | D:6      | Found a runed translucent gate.
  5733 | D:6      | Found a runed translucent gate.
  5733 | D:6      | Found a runed translucent gate.
  5733 | D:6      | Noticed laros's ghost (novice MiBe)
  5735 | D:6      | Found a basalt altar of Yredelemnul.
  5756 | D:6      | Gained Bogmar as an ally
  5841 | D:6      | Found a white marble altar of Elyvilon.
  6126 | D:7      | Found a staircase to the Ecumenical Temple.
  6142 | D:7      | Found a glowing silver altar of Zin.
  6633 | D:7      | Found Ublowony's Antique Armour Boutique.
  6700 | D:7      | Noticed a troll
  6712 | D:7      | Killed a troll
  6799 | D:7      | Noticed a boulder beetle
  6826 | D:7      | Killed a boulder beetle
  6827 | D:7      | Reached skill level 12 in Axes
  7078 | D:7      | Noticed an unseen horror
  7079 | D:7      | Reached XP level 10. HP: 52/90 MP: 15/15
  7188 | D:7      | Got the Omnibus of Doom
  7192 | D:7      | Killed an unseen horror
  7294 | D:7      | Found a sparkling altar of Nemelex Xobeh.
  7571 | D:8      | Noticed a two-headed ogre
  7578 | D:8      | Killed a two-headed ogre
  7651 | D:8      | Found an iron altar of Okawaru.
  7845 | D:8      | Reached skill level 13 in Axes
  7884 | D:8      | Found a broken altar of Ashenzari.
  8164 | D:8      | Found a staircase to the Lair.
  8175 | D:8      | Reached ***** piety under Beogh
  8305 | D:9      | Noticed a two-headed ogre
  8315 | D:9      | Killed a two-headed ogre
  8548 | D:9      | Noticed Psyche
  8567 | D:9      | Killed Psyche
  8919 | D:10     | Entered Level 10 of the Dungeon
  8991 | D:10     | Found a staircase to the Orcish Mines.
  8991 | D:10     | Noticed a two-headed ogre
  8996 | D:10     | Killed a two-headed ogre
  8997 | D:10     | Reached skill level 5 in Armour
  9048 | D:10     | Reached skill level 14 in Axes
  9187 | D:10     | Noticed Erolcha
  9201 | D:10     | HP: 4/92 [Erolcha/+0 giant spiked club (18)]
  9203 | D:10     | Slain by a yak

Illustrated notes

Levels and vault maps discovered:
D:1:      minmay_arrival_four_loops, layout_loops_ring, dreamdust_wishing_well,
          nicolae_kite_square_tiling_tiny, minmay_pentomino_v2
D:2:      layout_basic, serial_shops, shop, uniq_robin
D:3:      layout_basic, nicolae_ecumenical_pavilion, kennysheep_cluttered_room,
          guppyfry_early_orc_mine
D:4:      layout_basic, serial_shops, shop, minmay_quadrilaterals
D:5:      layout_rooms, uniq_edmund, uniq_crazy_yiuf_cottage,
          uniq_blork_the_orc, uniq_prince_ribbit1
D:6:      kennysheep_windowed_halls, layout_basic, bloody_makhleb,
          nicolae_yredelemnul_ghost_church, elyvilon_altar_3, uniq_maggie
D:7:      minmay_chambers_of_sixes, layout_basic, mainiacjoe_overflow_boulevard,
          mainiacjoe_overflow_small_starburst, minmay_temple_entry_overgrown,
          serial_shops, nicolae_shop_overgrown_old_shop
D:8:      layout_loops_ring, mainiacjoe_overflow_cross_hatched,
          okawaru_metal_pillars_3, david_lair_shrubbed, feat_on_display
D:9:      layout_rooms, nrook_mini_backslash, moated_statue, uniq_psyche
D:10:     layout_cave_pools, orc_0_dummy, uniq_erolcha, uniq_lodul

Skill      XL: |  1  2  3  4  5  6  7  8  9 10 |
---------------+-------------------------------+-----
Fighting       | 4 5 6 7 8 9 |  9.7
Axes           | 5 6 7 8 10 12 14 | 14.1
Dodging        | 3 4 5 |  5.1
Invocations    | 2 4 6 8 |  8.5
Armour         | 3 5 |  5.3

Action                     |  1- 3 |  4- 6 |  7- 9 | 10-12 || total
---------------------------+-------+-------+-------+-------++-------
  Melee: Hand axe          |   104 |   188 |   257 |   149 ||   698
  Throw: Stone             |    10 |       |       |       ||    10
 Invoke: Recall Orcish Fol |       |       |       |     2 ||     2
         Stop Recall       |       |       |       |     1 ||     1
   Stab: Distracted        |       |       |     1 |       ||     1
 Armour: Robe              |    15 |     3 |       |       ||    18
         Ring mail         |       |    64 |   119 |    72 ||   255
  Dodge: Dodged            |    64 |   123 |   153 |    77 ||   417
